 Dungeon Crawl Stone Soup version 0.17.0-9-g801d43b (webtiles) character file.

63 HungrySpirit the Ruffian (level 4, 0/38 HPs)
             Began as a Naga Transmuter on Nov 9, 2015.
             Slain by an adder (1 damage)
             ... on level 2 of the Dungeon.
             The game lasted 00:03:34 (2955 turns).

HungrySpirit the Ruffian (Naga Transmuter)          Turns: 2955, Time: 00:03:35

Health: 0/38       AC:  2    Str: 13    XL:     4   Next: 10%
Magic:  3/8        EV: 10    Int: 14    God:
Gold:   54         SH:  0    Dex: 11    Spells: 2 memorised, 5 levels left

rFire  . . .     SeeInvis +       - Unarmed
rCold  . . .     Clarity  .     b - +0 robe
rNeg   . . .     SustAt   .     (no shield)
rPois  +         Gourm    .     (no helmet)
rElec  .         Spirit   .     (no cloak)
rCorr  .         Warding  .     (no gloves)
rMut   .         Stasis   .     (no barding)
MR     .....                    (no amulet)
Stlth  +.........               (no ring)
                                (no ring)

@: appendage (expiring), very slightly contaminated, very slow, not resistant to
hostile enchantments, very unstealthy
A: horns 2, see invisible, deformed body, poison resistance, slowness 2, slow
metabolism 1, spit poison 2, AC +1
a: Spit Poison, End Transformation


You were on level 2 of the Dungeon.
You were not hungry.
You had grown temporary horns.
You visited 1 branch of the dungeon, and saw 2 of its levels.

You collected 54 gold pieces.

Inventory:

Missiles
 a - 21 arrows
Armour
 b - a +0 robe (worn)
Jewellery
 l - an uncursed ring of protection from magic {unknown}
Scrolls
 f - a scroll of enchant weapon {unknown}
 i - a scroll of amnesia {unknown}
 j - 2 scrolls of remove curse {unknown}
 n - 2 scrolls of blinking {unknown}
 p - a scroll of identify {unknown}
Potions
 e - a potion of resistance {unknown}
 g - a potion of cure mutation {unknown}
 h - a potion of curing {unknown}
 k - a potion of heal wounds {unknown}
 o - a potion of brilliance {unknown}
Books
 c - a book of Changes

   Spells                             Type                      Level
   a - Beastly Appendage              Transmutation                1
   b - Sticks to Snakes               Transmutation                2
   c - Spider Form                    Transmutation/Poison         3
   d - Ice Form                       Ice/Transmutation            4
   e - Blade Hands                    Transmutation                5
Comestibles
 d - 3 bread rations
 m - a meat ration
 q - a chunk of flesh


   Skills:
 - Level 1.0 Fighting
 - Level 1.5 Dodging
 * Level 3.7 Unarmed Combat
 + Level 2.7 Spellcasting
 * Level 2.9 Transmutations


You had 5 spell levels left.
You knew the following spells:

 Your Spells              Type           Power        Failure   Level  Hunger
a - Beastly Appendage     Trmt           ##....       10%         1    #......
b - Sticks to Snakes      Trmt           ##........   12%         2    ###....


Dungeon Overview and Level Annotations

Branches:
Dungeon (2/15)

Altars:
Kikubaaqudgha
Trog


Innate Abilities, Weirdness & Mutations

You cannot wear boots.
Your serpentine skin is tough (AC +1).
You have supernaturally acute eyesight.
Armour fits poorly on your strangely shaped body.
Your system is resistant to poisons.
You cover ground very slowly.
You have a slow metabolism.
You can spit poison.
You have a pair of horns on your head.


Message History

Confirm with . or Enter, or press ? or * to list all spells.
You create a snake!
The adder bites you.
* * * LOW HITPOINT WARNING * * *
The adder bites you but does no damage.
Found 2 stones.
You swap places.
The adder barely misses your ball python.
Your ball python misses the adder.
Your ball python grabs the adder.
Your ball python constricts the adder.
The adder bites your ball python.
Your ball python dies!
Casting: Sticks to Snakes
Confirm with . or Enter, or press ? or * to list all spells.
You create a snake!
You barely miss the adder.
The adder is heavily wounded.
The adder bites you.
* * * LOW HITPOINT WARNING * * *
Your ball python misses the adder.
Your ball python grabs the adder.
Your ball python constricts the adder.
The adder bites you.
You die...

#.........####'#######..###..# #
##.........................#..# #
........(.....#####...##...#..###
#...)........#######..###..#.....
#...........##.._..##.###..##.###
#.......(...#.≈...≈.#..##........
..##'###'##.#.≈≈.≈≈(#..##.....###
####.# #.##.#..≈.≈..#..<......#
.<...# #....##.≈@S(##..##.#'#.#
#.#### #†(..####S###.>.##.#...#
#.# #..(.[[##[# #.......#..###
#.# ##...#.([[# #..######.....
#.# #...###### #.........>### #.#
#...# #.#######.## #.# ##### #.#
#.# ..# ###.#######.# ###
#...........#


You could see an adder and a friendly ball python.

Vanquished Creatures
  2 adders (D:2)
  An ooze (D:2)
  5 goblins
  8 hobgoblins
  8 bats
  A giant gecko (D:1)
  2 giant newts (D:1)
  10 kobolds
  4 rats
41 creatures vanquished.

Vanquished Creatures (collateral kills)
  A kobold (D:2)
1 creature vanquished.

Grand Total: 42 creatures vanquished

Notes
Turn   | Place    | Note
--------------------------------------------------------------
     0 | D:1      | HungrySpirit the Naga Transmuter began the quest for the Orb.
     0 | D:1      | Reached XP level 1. HP: 18/18 MP: 3/3
   502 | D:1      | Reached XP level 2. HP: 18/25 MP: 3/5
  1547 | D:2      | Reached XP level 3. HP: 24/31 MP: 6/6
  1552 | D:2      | Learned a level 2 spell: Sticks to Snakes
  2258 | D:2      | Found an ancient bone altar of Kikubaaqudgha.
  2645 | D:2      | Found a bloodstained altar of Trog.
  2668 | D:2      | Reached XP level 4. HP: 7/38 MP: 6/8
  2955 | D:2      | HP: 1/38 [adder (2)]
  2955 | D:2      | Slain by an adder

Action                   |  1- 3 |  4- 6 || total
-------------------------+-------+-------++-------
Melee: Unarmed           |   140 |    29 ||   169
 Cast: Beastly Appendage |    26 |     3 ||    29
       Sticks to Snakes  |       |     3 ||     3
 Stab: Sleeping          |     1 |       ||     1
       Distracted        |       |     1 ||     1
  Eat: Chunk             |     3 |     1 ||     4
       Beef jerky        |     1 |       ||     1
